 Dungeon Crawl Stone Soup version 0.21.1-72-gffa868e0fe (webtiles) character file.

322 SacredBeard the Cudgeler (level 6, -1/48 HPs)
             Began as a Human Fighter on Aug 3, 2018.
             Slain by Pisosu's ghost (8 damage)
             ... on level 3 of the Dungeon.
             The game lasted 00:12:12 (3102 turns).

SacredBeard the Cudgeler (Human Fighter)            Turns: 3102, Time: 00:12:13

Health: -1/48      AC:  7    Str: 17    XL:     6   Next: 76%
Magic:  6/6        EV: 13    Int:  8    God:
Gold:   134        SH:  9    Dex: 19    Spells: 5/5 levels left

rFire    + . .     SeeInvis .   k - +0 whip
rCold    . . .     Gourm    .   c - +0 shield
rNeg     . . .     Faith    .   b - +0 scale mail
rPois    .         Spirit   .   o - +0 helmet
rElec    .         Reflect  .   (no cloak)
rCorr    +         Harm     .   (no gloves)
MR       .....                  (no boots)
Stlth    +.........             (no amulet)
HPRegen  0.16/turn              j - ring of resist corrosion
MPRegen  0.10/turn              m - ring of protection from fire

@: agile
A: no striking features
a: no special abilities


You were on level 3 of the Dungeon.
You were hungry.

You visited 1 branch of the dungeon, and saw 3 of its levels.

You collected 134 gold pieces.

Inventory:

Hand Weapons
 a - a +0 flail
 k - a +0 whip (weapon)
Armour
 b - a +0 scale mail (worn)
 c - a +0 shield (worn)
 o - a +0 helmet (worn)
Jewellery
 j - a ring of resist corrosion (left hand)
 m - a ring of protection from fire (right hand)
Wands
 g - a wand of acid (1)
Scrolls
 h - a scroll of identify
 r - 2 scrolls of remove curse
Potions
 e - a potion of heal wounds
 s - 2 potions of flight
Comestibles
 f - 9 rations


   Skills:
 + Level 3.8 Fighting
 * Level 5.4 Maces & Flails
 - Level 3.0 Armour
 * Level 2.5 Dodging
 - Level 3.0 Shields


You had 5 spell levels left.
You didn't know any spells.

Dungeon Overview and Level Annotations

Branches:
Dungeon (3/15)

Altars:

Annotations:
D:3 Pisosu's ghost, amateur KoHu


Message History

Pisosu's ghost is lightly damaged.
Pisosu's ghost barely misses you.
Your shield prevents you from hitting Pisosu's ghost.
Pisosu's ghost is lightly damaged.
Pisosu's ghost hits you!
You hit Pisosu's ghost but do no damage.
Pisosu's ghost is lightly damaged.
Pisosu's ghost completely misses you.
You completely miss Pisosu's ghost.
Pisosu's ghost is lightly damaged.
You block Pisosu's ghost's attack.
You hit Pisosu's ghost but do no damage.
Pisosu's ghost is lightly damaged.
Pisosu's ghost hits you.
You miss Pisosu's ghost.
Pisosu's ghost is lightly damaged.
Pisosu's ghost hits you!
* * * LOW HITPOINT WARNING * * *
Pisosu's ghost hits you!
You die...

*,,,,,,,,,*#..........#.#,
*,******,,*#.#.....W..#.#,
*,*,,,,,,,*#W#.#####.##.#,
*,*,***,,,,#.#.# #.##[#,
*,*,* *,,*,#.#.# #.##W#,
*,*,******,#.#.# #.##.#,
*,*,,,,,,,,#.#.# #W##.#,
*,##########.#.# #.##.#,
*,.......@...#.# #.##.##
*,#######W####.# #.##...
*,* #.......# #...... *,*
##.####.# #.##### *** ###
### ###


You could see Pisosu's ghost.

Vanquished Creatures
  Sigmund (D:2)
  Ijyb (D:3)
  Robin (D:2)
  4 adders
  An ooze (D:1)
  2 worms (D:2)
  2 dart slugs
  A leopard gecko (D:1)
  An orc (D:2)
  7 bats
  5 giant cockroaches
  19 goblins
  13 hobgoblins
  2 quokkas (D:2)
  A ball python (D:2)
  4 kobolds
  4 rats
69 creatures vanquished.

Notes
Turn   | Place    | Note
-------+----------+-------------------------------------------
     0 | D:1      | SacredBeard the Human Fighter began the quest for the Orb.
     0 | D:1      | Reached XP level 1. HP: 18/18 MP: 1/1
   222 | D:1      | Reached XP level 2. HP: 22/24 MP: 2/2
   547 | D:1      | Reached skill level 1 in Dodging
   547 | D:1      | Reached XP level 3. HP: 25/29 MP: 3/3
  1020 | D:2      | Reached skill level 3 in Maces & Flails
  1442 | D:2      | Reached XP level 4. HP: 29/35 MP: 4/4
  1453 | D:2      | Noticed Robin
  1506 | D:2      | Killed Robin
  2106 | D:2      | Reached skill level 4 in Maces & Flails
  2106 | D:2      | Reached XP level 5. HP: 37/41 MP: 5/5
  2577 | D:2      | Noticed Sigmund
  2617 | D:2      | Killed Sigmund
  2617 | D:2      | Reached skill level 5 in Maces & Flails
  2617 | D:2      | Reached XP level 6. HP: 34/48 MP: 6/6
  2848 | D:3      | Noticed Ijyb
  2868 | D:3      | Killed Ijyb
  2874 | D:3      | Noticed Pisosu's ghost (amateur KoHu)
  3102 | D:3      | Slain by Pisosu's ghost

Skill      XL: |  1  2  3  4  5 |
---------------+----------------+-----
Dodging        | 1 2 |  2.5
Maces & Flails | 3 4 5 |  5.4
Fighting       | |  3.8
Armour         | |  3.0
Shields        | |  3.0

Action                   |  1- 3 |  4- 6 || total
-------------------------+-------+-------++-------
Melee: Flail             |    97 |       ||    97
       Whip              |    81 |   215 ||   296
  Use: Potion            |       |     5 ||     5
       Scroll            |       |     5 ||     5
  Eat: Chunk             |     2 |     5 ||     7
Armor: Scale mail        |    65 |    46 ||   111
       Skin              |       |     5 ||     5
Dodge: Dodged            |    49 |    48 ||    97
Block: Shield            |    91 |    77 ||   168
